 Dungeon Crawl Stone Soup version 0.28.0 (webtiles) character file.

Game seed: 15429173130251522870

4 wat the Ruffian (level 1, -5/16 HPs)
             Began as a Draconian Transmuter on Feb 7, 2022.
             Slain by a kobold (17 damage)
             ... on level 1 of the Dungeon.
             The game lasted 00:00:13 (69 turns).

wat the Ruffian (Draconian Transmuter)                Turns: 69, Time: 00:00:14

Health: -5/16      AC:  4    Str: 12    XL:     1   Next: 58%
Magic:  2/3        EV: 12    Int: 13    God:
Gold:   0          SH:  0    Dex: 11    Spells: 3/4 levels left

rFire   . . .      SeeInvis .     - Unarmed
rCold   . . .      Faith    .   (no shield)
rNeg    . . .      Spirit   .   (armour unavailable)
rPois   .          Reflect  .   (helmet currently unavailable)
rElec   .          Harm     .   (no cloak)
rCorr   .          Rampage  .   (no gloves)
Will    .....                   (boots currently unavailable)
Stlth   +.........              (no amulet)
HPRegen 0.05/turn               (no ring)
MPRegen 0.08/turn               (no ring)

@: appendages
A: horns 2, talons 2, AC +4, unfitting armour, cold-blooded
a: End Transformation


You were on level 1 of the Dungeon.
You had temporarily grown beastly horns and talons.
You visited 1 branch of the dungeon, and saw 1 of its levels.

Inventory:

Potions
 a - a potion of magic {unknown}
 c - a potion of curing {unknown}


   Skills:
 + Level 1.2 Fighting
 + Level 1.8 Dodging
 + Level 3.0 Unarmed Combat
 + Level 2.0 Spellcasting
 + Level 2.1 Transmutations


You had 3 spell levels left.
You knew the following spells:

 Your Spells              Type           Power      Damage    Failure   Level
a - Beastly Appendage     Tmut           12%        N/A       11%         1

Your spell library contained the following spells:

 Spells                   Type           Power      Damage    Failure   Level
 Wereblood                Tmut           6%         N/A       16%         2
 Spider Form              Tmut/Pois      4%         N/A       45%         3
 Ice Form                 Ice/Tmut       4%         N/A       86%         4


Dungeon Overview and Level Annotations

Branches:
Dungeon (1/15)

Altars:


Innate Abilities, Weirdness & Mutations

You have temporarily grown beastly horns and talons.
Your plain brown scales are hard. (AC +4)
You cannot fit into any form of body armour.
You are cold-blooded and may be slowed by cold attacks.


Message History

You see here a +0 scale mail.
b - a +0 scale mail
c - a brown potion You drop a +0 scale mail.
A kobold comes into view.
It is wielding a +2 whip of electrocution.
The kobold shouts!
The kobold throws a stone.
The stone hits you but does no damage.
A rat comes into view.
A jackal comes into view.
An endoplasm comes into view.
There are monsters nearby!
There are monsters nearby!
Found a scroll labelled ZOCOELIPNU.
The endoplasm closely misses you.
The jackal barks!
You hit the endoplasm.
The endoplasm is lightly wounded.
You hit the endoplasm.
The endoplasm is heavily wounded.
The endoplasm closely misses you.
You hit the endoplasm.
You kill the endoplasm!
An endoplasm comes into view.
Casting: Beastly Appendage (safe; 11% risk of failure)
Confirm with . or Enter, or press ? or * to list all spells.
You grow a pair of large bovine horns.
Your feet morph into talons.
The rat barely misses you.
You hit the rat.
You kill the rat!
A ball python comes into view.
The jackal pauses to sniff the ground.
The ball python hisses angrily.
You hit the jackal.
You kill the jackal!
The kobold throws a stone.
The stone hits you but does no damage.
A ball python comes into view.
The kobold barely misses you.
You see here a rat corpse.
You closely miss the kobold.
Your tail-slap misses the kobold.
The kobold hits you with a +2 whip of electrocution.
You are electrocuted!
Ouch! That really hurt!
You die...

## #...
.. ... ?
..S #...#
.#S######
.......
#KJ.# #@#
#.#####
#.....#
#####.#
## #. #.#
... #.#.#
#.# ..#
#.#(# #.#
. #.#
#.#.# #.#
. #.#
#.#.# #.#


You could see an endoplasm, 2 ball pythons and a kobold.

Vanquished Creatures
  A bat (D:1)
  An endoplasm (D:1)
  A jackal (D:1)
  A rat (D:1)
4 creatures vanquished.

Notes
Turn   | Place    | Note
-------+----------+-------------------------------------------
     0 | D:1      | wat the Draconian Transmuter began the quest for the Orb.
     0 | D:1      | Reached XP level 1. HP: 16/16 MP: 3/3
    69 | D:1      | Slain by a kobold

Illustrated notes

Levels and vault maps discovered:
D:1:      nicolae_arrival_somewhat_less_tricky_arrival, layout_loops_ring,
          serial_shops, nicolae_shop_advertising_works
          [nicolae_subvault_shop_adworks], minmay_cupped

Action                   || total
-------------------------++-------
Melee: Unarmed           ||     7
 Cast: Beastly Appendage ||     1
Armor: Skin              ||     2
Dodge: Dodged            ||     4
